Map: Triton LE

Players

TSGNice (Nice) - Winner!

  • Race: Protoss Protoss
  • Spawn Location: 5:00

AntonyZerg

  • Race: Zerg Zerg
  • Spawn Location: 11:00

Event: NationWars 2019

VOD

Have the link to the VOD?

Description

Time

  • Played on: Oct. 1, 2019, 10:01 a.m.
  • Length: 6:15
Show
View Real Time Build Order
Export as new Build Order

TSGNice Protoss - Winner!

Build Orders: 1 Gate Expand, Oracle Opening 

Get SALT Encoding   

  12  0:01  Probe  
  13  0:13  Probe  
  14  0:20  Pylon  
  14  0:25  Probe  
  15  0:38  Probe (Chrono Boost)  
  15  0:40  Gateway  
  16  0:49  Probe (Chrono Boost), Assimilator  
  17  0:54  Probe (Chrono Boost)  
  18  1:05  Probe  
  19  1:17  Probe  
  20  1:21  Pylon  
  20  1:30  Nexus  
  20  1:37  Cybernetics Core  
  20  1:41  Assimilator  
  20  1:43  Probe  
  21  1:50  Pylon  
  21  1:55  Probe  
  22  2:07  Probe  
  23  2:11  Adept (Chrono Boost)  
  25  2:19  Probe  
  26  2:27  Stargate  
  26  2:31  Probe  
  26  2:33  Adept (Chrono Boost), Warp Gate  
  28  2:40  Shield Battery  
  28  2:42  Probe  
  29  2:51  Probe  
  29  2:54  Probe  
  31  2:59  Shield Battery  
  31  3:00  Adept (Chrono Boost)  
  33  3:09  Void Ray (Chrono Boost)  
  37  3:19  Probe x2  
  39  3:22  Pylon  
  39  3:28  Stalker  
  39  3:31  Probe  
  39  3:32  Probe  
  43  3:43  Oracle (Chrono Boost)  
  43  3:44  Probe  
  43  3:45  Probe  
  48  3:56  Shield Battery  
  48  3:58  Shield Battery  
  48  4:09  Oracle (Chrono Boost)  
  47  4:19  Probe  
  47  4:21  Adept  
  47  4:23  Shield Battery  
  50  4:24  Shield Battery  
  50  4:44  Stalker  
  47  4:48  Probe x2  
  49  4:57  Oracle (Chrono Boost)  
  52  5:00  Probe x2  
  52  5:01  Gateway  
  52  5:04  Gateway  
  54  5:12  Probe (Chrono Boost)  
  52  5:14  Stalker  
  52  5:16  Probe (Chrono Boost)  
  54  5:26  Probe x2 (Chrono Boost)  
  54  5:40  Pylon  
  54  5:41  Probe x2  
  54  5:43  Pylon  
  54  5:44  Pylon  
  54  5:52  Stalker  
  54  5:53  Probe x2  
Show
View Real Time Build Order
Export as new Build Order

AntonyZerg Zerg 

Build Orders: Hatch First 

Get SALT Encoding   

  12  0:01  Drone  
  13  0:11  Drone  
  14  0:15  Drone, Extractor  
  15  0:38  Hatchery  
  14  0:43  Extractor  
  14  0:44  Drone  
  14  0:59  Spawning Pool  
  14  1:04  Drone  
  14  1:10  Overlord  
  14  1:29  Drone  
  14  1:30  Drone x2  
  17  1:42  Drone  
  18  1:52  Queen  
  20  1:59  Lair  
  20  2:03  Zergling x2  
  20  2:05  Zergling x2  
  22  2:19  Extractor  
  21  2:31  Queen  
  21  2:34  Drone x4  
  21  2:36  Drone  
  28  2:43  Metabolic Boost  
  28  3:00  Overlord  
  28  3:01  Overlord  
  28  3:11  Nydus Network  
  27  3:15  Zergling x2  
  28  3:20  Zergling x2  
  28  3:21  Zergling x2  
  28  3:25  Zergling x2  
  31  3:33  Queen  
  33  3:41  Zergling x4  
  35  3:51  Nydus Canal  
  35  3:53  Zergling x6  
  38  4:05  Nydus Canal  
  33  4:19  Queen  
  33  4:21  Zergling x2  
  33  4:22  Zergling x10  
  35  4:44  Zergling x8  
  35  4:45  Nydus Canal  
  35  4:47  Zergling x2  
  34  4:53  Queen  
  36  5:00  Nydus Canal  
  35  5:10  Queen  
  35  5:17  Nydus Canal  
  34  5:24  Zergling x6  
  34  5:29  Queen  
  35  5:35  Zergling x4  
  35  5:38  Overlord  
  34  5:50  Zergling x2  
Tags
 
Add a new tag
Caveats
  • Supply blocks, unpowered buildings, or Contaminate may cause inaccurate times.
  • Supply counts are checked every 10 seconds.